 Dungeon Crawl Stone Soup version 0.18.1-50-g88ac8fd (webtiles) character file.

1120 magog001 the Skirmisher (level 8, 0/73 HPs)
             Began as a Hill Orc Abyssal Knight on June 22, 2017.
             Was an Elder of Lugonu.
             Slain by a gnoll
             ... wielding a +0 flail
              (8 damage)
             ... on level 5 of the Dungeon.
             The game lasted 00:36:06 (6162 turns).

magog001 the Skirmisher (Hill Orc Abyssal Knight)   Turns: 6162, Time: 00:36:07

Health: 0/73       AC: 13    Str: 17      XL:     8   Next: 34%
Magic:  11/11      EV:  7    Int: 12      God:    Lugonu [****..]
Gold:   217        SH:  0    Dex:  1 (10) Spells: 0 memorised, 7 levels left

rFire  . . .     SeeInvis .     a - +2 hand axe
rCold  . . .     Gourm    .     n - +0 chain mail
rNeg   . . .     Faith    .     (no shield)
rPois  .         Spirit   .     m - +0 helmet
rElec  .         Dismiss  .     l - +0 cloak
rCorr  .         Reflect  .     (no gloves)
SustAt .         Harm     .     (no boots)
MR     +....                    (no amulet)
Stlth  ..........               (no ring)
                                k - ring of protection from magic

@: somewhat resistant to hostile enchantments, extremely unstealthy
A: rugged brown scales 1, mutation resistance 1
a: Depart the Abyss, Bend Space, Banish, Corrupt, Renounce Religion


You were on level 5 of the Dungeon.
You worshipped Lugonu.
Lugonu was greatly pleased with you.
You were not hungry.

You visited 1 branch of the dungeon, and saw 5 of its levels.
You visited the Abyss 1 time.

You collected 217 gold pieces.

Inventory:

Hand Weapons
 a - a +2 hand axe (weapon)
Missiles
 r - 5 tomahawks (quivered)
 s - 2 curare-tipped needles
 u - 7 steel javelins
Armour
 l - a +0 cloak (worn)
 m - a +0 helmet (worn)
 n - a +0 chain mail (worn)
 w - a cursed +0 large shield
Jewellery
 e - an uncursed ring of stealth {unknown}
 k - a ring of protection from magic (left hand)
Wands
 d - a wand of digging (14/24)
 p - a wand of digging (8/24)
 q - a wand of hasting (9/9)
Scrolls
 v - 2 scrolls of remove curse
Potions
 b - 2 potions of resistance
 f - 2 potions of magic
 g - 3 potions of flight {unknown}
 h - a potion of might {unknown}
 j - a potion of curing
 o - a potion of haste {unknown}
Books
 i - a book of Maledictions

   Spells                             Type                      Level
   a - Corona                         Hexes                        1
   b - Ensorcelled Hibernation        Hexes/Ice                    2
   c - Confuse                        Hexes                        3
   d - Tukima's Dance                 Hexes                        3
   e - Dazzling Spray                 Conjuration/Hexes            3
Comestibles
 c - 4 bread rations
 t - 9 fruits


   Skills:
 * Level 6.4 Fighting
 * Level 6.1 Axes
 * Level 2.7 Throwing
 * Level 5.9 Armour
 + Level 2.4 Dodging
 + Level 0.5 Stealth
 + Level 4.0 Invocations
 + Level 0.4 Evocations


You had 7 spell levels left.
You didn't know any spells.

Dungeon Overview and Level Annotations

Branches:
Dungeon (5/15)             Temple (0/1) D:5

Altars:
Fedhas
Gozag

Annotations:
Abyss:1 Prince Ribbit


Innate Abilities, Weirdness & Mutations

You are partially covered in rugged brown scales (AC +1, +3% HP).
You are somewhat resistant to further mutation.


Message History

You closely miss the gnoll sergeant.
The gnoll sergeant is almost dead.
The gnoll sergeant hits you with a spear of piercing.
The gnoll hits you from afar with a halberd!
* * * LOW HITPOINT WARNING * * *
You hit the gnoll sergeant.
The gnoll sergeant is almost dead.
The gnoll sergeant hits you but does no damage.
Unknown command.
You slash the gnoll sergeant!
You kill the gnoll sergeant!
Lugonu accepts your kill.
The gnoll hits you from afar with a halberd.
* * * LOW HITPOINT WARNING * * *
A gnoll comes into view. It is wielding a whip.
You slash the gnoll!
The gnoll is severely wounded.
The gnoll moves out of view.
The gnoll closely misses you. The gnoll hits you with a flail!
You die...

################
#..............#######
#.###.g..g.g..........
#.# #g#########.#####.
#.# #@# ######...## #.
#.# #.# #.....###.# #.
#.# #.# #.#...# #.# #g
#.# #.# #.#...###.###.
#.# #.# #.#..#........
#.# #.###.#..##.#####.
##.# #.##.....##.# ##
#..# #...........# ##
#.## ####.....#### #.


You could see 2 gnolls.

Vanquished Creatures
  A phantom (D:4)
  An ogre (D:5)
  A centaur (D:5)
  A gnoll sergeant (D:5)
  A scorpion (D:4)
  A quasit (D:5)
  Crazy Yiuf (D:3)
  2 orc priests (D:3)
  2 orc wizards (D:3)
  An iguana (D:5)
  A hound zombie (D:5)
  Robin (D:2)
  3 gnolls (D:2)
  5 adders
  A shadow imp (D:5)
  3 oozes
  An adder skeleton (D:4)
  2 worms
  5 dart slugs
  2 giant geckos
  9 orcs
  A ball python (D:3)
  5 giant cockroaches
  5 hobgoblins
  20 jackals
  5 kobolds
  A quokka (D:3)
  8 bats
  3 giant newts
  19 goblins
  9 rats
  3 fungi (D:3)
  A plant (D:3)
  3 toadstools (D:3)
128 creatures vanquished.

Vanquished Creatures (others)
  An oklob plant (D:3)
  17 toadstools (D:3)
18 creatures vanquished.

Grand Total: 146 creatures vanquished

Notes
Turn   | Place    | Note
--------------------------------------------------------------
     0 | Abyss:1  | magog001 the Hill Orc Abyssal Knight began the quest for the Orb.
     0 | Abyss:1  | Reached XP level 1. HP: 19/19 MP: 2/2
     7 | D:1      | Escaped the Abyss
   300 | D:1      | Reached XP level 2. HP: 27/27 MP: 3/3
   310 | D:1      | You fall through a shaft!
   514 | D:2      | Noticed Robin
   529 | D:2      | Reached XP level 3. HP: 28/34 MP: 4/4
   531 | D:2      | Reached ** piety under Lugonu
   533 | D:2      | Killed Robin
   832 | D:1      | Reached skill level 1 in Throwing
   832 | D:1      | Reached XP level 4. HP: 37/41 MP: 5/5
   837 | D:1      | Reached skill level 1 in Dodging
  1393 | D:2      | Reached skill level 5 in Fighting
  1397 | D:2      | Reached *** piety under Lugonu
  1599 | D:2      | Reached XP level 5. HP: 41/48 MP: 6/6
  2312 | D:2      | Gained mutation: You are partially covered in rugged brown scales (AC +1, +3% HP). [potion of mutation]
  2312 | D:2      | Gained mutation: You are somewhat resistant to further mutation. [potion of mutation]
  2457 | D:3      | Found a blossoming altar of Fedhas.
  2465 | D:3      | Noticed an oklob plant
  2700 | D:3      | Noticed Crazy Yiuf
  2711 | D:3      | Killed Crazy Yiuf
  2930 | D:3      | Reached XP level 6. HP: 57/57 MP: 7/7
  2968 | D:3      | Found an opulent altar of Gozag.
  3262 | D:3      | Reached **** piety under Lugonu
  3769 | D:4      | Noticed a phantom
  3866 | D:4      | Killed a phantom
  3866 | D:4      | Reached skill level 5 in Axes
  4221 | D:3      | Banished an oklob plant
  4221 | D:3      | Reached XP level 7. HP: 63/63 MP: 7/9
  5034 | D:5      | Entered Level 5 of the Dungeon
  5056 | D:5      | Found a staircase to the Ecumenical Temple.
  5111 | D:5      | Reached skill level 5 in Armour
  5782 | D:5      | Reached XP level 8. HP: 41/72 MP: 10/10
  6033 | D:5      | Noticed Prince Ribbit
  6042 | D:5      | Banished Prince Ribbit
  6162 | D:5      | Slain by a gnoll

Skill      XL: |  1  2  3  4  5  6  7  8 |
---------------+-------------------------+-----
Fighting       | 4 5 6 |  6.4
Axes           | 3 4 5 6 |  6.1
Throwing       | 1 2 |  2.7
Dodging        | 1 2 |  2.4
Armour         | 3 4 5 |  5.9
Invocations    | 3 4 |  4.0
Stealth        | |  0.5
Evocations     | |  0.4

Action                   |  1- 3 |  4- 6 |  7- 9 || total
-------------------------+-------+-------+-------++-------
Melee: Hand axe          |    91 |   322 |   151 ||   564
Throw: Tomahawk          |     8 |    16 |       ||    24
Invok: Bend Space        |       |    11 |     1 ||    12
       Banish            |       |     1 |     2 ||     3
Evoke: Wand              |       |     1 |     6 ||     7
  Use: Scroll            |       |     8 |     6 ||    14
       Potion            |       |     3 |     1 ||     4
  Eat: Chunk             |       |    10 |     4 ||    14
       Beef jerky        |       |     1 |     1 ||     2
       Fruit             |       |       |     3 ||     3
Armor: Ring mail         |    29 |    61 |       ||    90
       Leather armour    |     2 |       |       ||     2
       Chain mail        |       |    94 |   189 ||   283
Dodge: Dodged            |    60 |   110 |    89 ||   259
